 Dungeon Crawl Stone Soup version 0.32-a0-128-g77eb882913 (webtiles) character file.

Game seed: 3401144196732990365

5429 Ceno the Covert (level 10, -7/55 HPs)
             Began as a Vine Stalker Brigand on Feb 8, 2024.
             Was a High Priest of Uskayaw.
             Mangled by a killer bee (10 damage)
             ... on level 9 of the Dungeon.
             The game lasted 00:23:52 (7592 turns).

Ceno the Covert (Vine Stalker Brigand)              Turns: 7592, Time: 00:23:52

Health: -7/55      AC: 10    Str: 15    XL:     10   Next: 67%
Magic:  0/14       EV: 11    Int: 11    God:    Uskayaw [*****.]
Gold:   439        SH:  0    Dex: 19    Spells: 9/9 levels left

rFire   . . .        z - +2 dagger
rCold   . . .        (no shield)
rNeg    . . .        H - +0 steam dragon scales
rPois   +            l - +1 helmet
rElec   .            c - +0 cloak
rCorr   .            (no gloves)
SInv    .            s - +0 pair of boots
Will    ++...        (no amulet)
Stlth   +++++        q - ring of willpower
HPRegen 1.09/turn    y - ring of poison resistance
MPRegen 0.14/turn

%: guardian spirit
@: no status effects
A: fangs 3, regeneration 1, magic shield, antimagic bite, no potion heal 2
a: Renounce Religion, Stomp, Line Pass, Grand Finale


You were on level 9 of the Dungeon.
You worshipped Uskayaw.
Uskayaw was noncommittal.
You visited 2 branches of the dungeon, and saw 10 of its levels.

You collected 439 gold pieces.

Inventory:

Hand Weapons
 a - a +1 dagger of electrocution
 b - a +0 rapier
 z - a +2 dagger (weapon)
Missiles
 e - 2 curare-tipped darts
 g - 66 stones
 C - a throwing net
 D - 18 poisoned darts (quivered)
 J - 7 boomerangs
Armour
 c - a +0 cloak (worn)
 l - a +1 helmet (worn)
 s - a +0 pair of boots (worn)
 H - +0 steam dragon scales (worn)
Jewellery
 q - a ring of willpower (left hand)
 y - a ring of poison resistance (right hand)
 O - a ring of fire
Wands
 d - a wand of mindburst (19)
 t - a wand of charming (26)
 G - a wand of roots (13)
Scrolls
 h - a scroll of blinking {unknown}
 i - 4 scrolls of teleportation
 j - a scroll of fog {unknown}
 k - a scroll of enchant armour {unknown}
 o - a scroll of silence {unknown}
 w - 3 scrolls of enchant weapon {unknown}
 A - a scroll of poison {unknown}
 E - a scroll of immolation {unknown}
 I - a scroll of fear {unknown}
 L - a scroll of noise {unknown}
 M - a scroll of torment {unknown}
Potions
 f - 3 potions of enlightenment
 m - 4 potions of attraction
 n - 2 potions of heal wounds
 p - 2 potions of curing
 r - 3 potions of ambrosia
 u - 2 potions of lignification
 v - a potion of berserk rage {unknown}
 x - 2 potions of mutation
 B - a potion of brilliance {unknown}
 F - a potion of invisibility {unknown}
 K - a potion of haste {unknown}
 N - 2 potions of degeneration {unknown}


   Skills:
 + Level 7.4 Fighting
 + Level 7.8 Short Blades
 - Level 3.0 Throwing
 + Level 4.6 Armour
 - Level 0.7 Dodging
 - Level 10.0 Stealth
 + Level 5.0 Invocations


You had 9 spell levels left.
You didn't know any spells.
Your spell library contained the following spells:

 Spells                   Type           Power      Damage    Failure   Level
 Call Canine Familiar     Summ           0%         N/A       71%         3
 Sigil of Binding         Hex            0%         N/A       71%         3
 Stone Arrow              Conj/Erth      0%         3d7       71%         3
 Animate Armour           Summ/Erth      0%         N/A       98%         4
 Dimensional Bullseye     Hex/Tloc       0%         N/A       98%         4
 Lehudib's Crystal Spear  Conj/Erth      0%         10d2      100%        8


Dungeon Overview and Level Annotations

Branches:
Dungeon (9/15)             Temple (1/1) D:4
   Lair: D:8-11         Orc: D:9-12

Altars:
Cheibriados
Dithmenos
Elyvilon
Fedhas
Gozag
Hepliaklqana
Kikubaaqudgha
Makhleb
Nemelex Xobeh
Qazlal
Ru
Sif Muna
Trog
Uskayaw
Vehumet
Wu Jian
Xom
Yredelemnul
Zin
The Shining One

Shops:
D:1 ?   D:2 ?   D:4 ?=   D:8 ===(*

Annotations:
D:3 exclusion: ice beast
D:4 1 runed translucent door, Crazy Yiuf
D:5 Grinder, Sigmund


Innate Abilities, Weirdness & Mutations

You have razor-sharp teeth.
Your natural rate of healing is unusually fast.
When hurt, damage is shared between your health and your magic reserves.
Your bite disrupts and absorbs the magic of your enemies.
Potions cannot restore your health.


Message History

The killer bee is lightly wounded.
You hit the killer bee.
You kill the killer bee!
You bite the killer bee!
You kill the killer bee!
The killer bee rages.
The killer bee stings you!
* * * LOW HITPOINT WARNING * * *
You completely miss the killer bee.
The killer bee stings you but does no damage.
The killer bee barely misses you.
You hit the killer bee. You bite the killer bee. You drain its power.
You feel invigorated.
The killer bee is moderately wounded.
The killer bee is no longer sharing its pain.
The killer bee stings you.
* * * LOW HITPOINT WARNING * * *
The killer bee rages.
The killer bee stings you.
You barely miss the killer bee. You bite the killer bee! You drain its power.
You feel invigorated.
The killer bee is severely wounded.
The killer bee stings you!
* * * LOW HITPOINT WARNING * * *
The killer bee stings you.
* * * LOW HITPOINT WARNING * * *
You can now merge with and destroy a victim.
The killer bee is no longer berserk.
The killer bee attacks as it pursues you!
The killer bee closely misses you. The killer bee barely misses you.
The killer bee closely misses you.
You hit the killer bee.
You kill the killer bee!
The killer bee stings you but does no damage.
Your Invocations skill increases to level 5!
You hit the killer bee. Your bite misses the killer bee.
The killer bee is moderately wounded.
The killer bee stings you!
You die...
Your body falls in perfect tune with the rhythm.

.##.###...#.##.>#.##
# #. #...#.##.#..# .
...
#)>.#.##.#..###...#
##[##.##.#.#......#
#. #.##......#..!..
#.##.##.###..# ###
........# #..#
####.##.###yy###
........@yyy...#
####.########.## #
#††.y#


#yyyy# #yyy.# #!y†.# ###### You could see 5 killer bees.

Vanquished Creatures
  A two-headed ogre (D:8)
  Pikel (D:5)
  Maggie (D:6)
  A queen bee (D:9)
  3 yaks (D:8)
  A steam dragon (D:6)
  Menkaure (D:6)
  2 ice beasts (D:6)
  2 orc warriors (D:8)
  A black bear (D:7)
  2 centaurs
  3 lemures
  A kobold brigand (D:6)
  3 bullfrogs
  3 scorpions
  A gnoll sergeant (D:6)
  8 wights
  11 killer bees
  A howler monkey (D:7)
  3 bombardier beetles
  2 hounds
  2 jellies
  6 orc priests
  Jessica (D:2)
  A sleepcap (D:6)
  2 iguanas
  15 orc wizards
  3 gnolls (D:4)
  13 adders
  A shadow imp (D:6)
  A white imp (D:7)
  2 ufetubi (D:6)
  6 dart slugs
  A ribbon worm (D:3)
  27 orcs
  4 ball pythons
  4 bats
  5 endoplasms
  2 giant cockroaches (D:3)
  7 goblins
  5 hobgoblins
  4 jackals
  3 kobolds
  2 quokkas (D:4)
  3 frilled lizards
  A rat (D:3)
173 creatures vanquished.

Notes
Turn   | Place    | Note
-------+----------+-------------------------------------------
     0 | D:1      | Ceno the Vine Stalker Brigand began the quest for the Orb.
     0 | D:1      | Reached XP level 1. HP: 11/11 MP: 2/2
    34 | D:1      | Found Vatsiesi's Magic Scroll Emporium.
   105 | D:1      | Reached skill level 5 in Stealth
   105 | D:1      | Reached XP level 2. HP: 15/15 MP: 3/3
   738 | D:2      | Noticed Jessica
   744 | D:2      | Killed Jessica
   745 | D:2      | Reached XP level 3. HP: 18/18 MP: 4/4
   814 | D:2      | Reached XP level 4. HP: 20/23 MP: 3/5
   924 | D:2      | Found Tosm's Magic Scroll Shoppe.
  1267 | D:3      | Reached XP level 5. HP: 27/27 MP: 6/6
  1360 | D:3      | Noticed an ice beast
  1401 | D:3      | Reached skill level 6 in Stealth
  1481 | D:3      | Reached XP level 6. HP: 32/32 MP: 7/7
  2233 | D:4      | Found Itreuh's Magic Scroll Boutique.
  2264 | D:4      | Found Dilogaeck's Jewellery Shop.
  2352 | D:4      | Found a staircase to the Ecumenical Temple.
  2362 | Temple   | Entered the Ecumenical Temple
  2432 | D:4      | Reached skill level 7 in Stealth
  2514 | D:4      | Found a runed translucent door.
  2515 | D:4      | Noticed Crazy Yiuf
  2541 | D:4      | Reached XP level 7. HP: 36/36 MP: 8/8
  2710 | D:4      | You fall into a shaft and drop 1 floor!
  2710 | D:5      | Entered Level 5 of the Dungeon
  2991 | D:5      | Noticed Sigmund
  3106 | D:5      | Noticed Pikel
  3406 | D:5      | Reached skill level 8 in Stealth
  3445 | D:5      | Killed Pikel
  3446 | D:5      | Reached skill level 9 in Stealth
  3446 | D:5      | Gained mutation: You have razor-sharp teeth. [Vine Stalker
                  | growth]
  3446 | D:5      | Reached XP level 8. HP: 32/42 MP: 9/9
  3559 | D:5      | Noticed Grinder
  4156 | D:6      | Found a bloodstained altar of Trog.
  4329 | D:6      | Noticed Maggie
  4375 | D:6      | Reached skill level 10 in Stealth
  4411 | D:6      | Reached skill level 5 in Fighting
  4411 | D:6      | Reached skill level 5 in Short Blades
  4520 | D:6      | Noticed Menkaure
  4622 | D:6      | Reached skill level 1 in Armour
  4622 | D:6      | Reached XP level 9. HP: 47/47 MP: 10/10
  4830 | D:6      | Found a white marble altar of Elyvilon.
  4886 | D:6      | Found a basalt altar of Yredelemnul.
  4975 | D:6      | Found a blossoming altar of Fedhas.
  5046 | D:6      | Killed Menkaure
  5259 | D:6      | Found an ornate altar of the Wu Jian Council.
  5262 | D:6      | Found a hide-covered altar of Uskayaw.
  5263 | D:6      | Found a shadowy altar of Dithmenos.
  5263 | D:6      | Found a glowing silver altar of Zin.
  5274 | D:6      | Became a worshipper of Uskayaw the Reveller
  5355 | D:6      | Reached * piety under Uskayaw
  5405 | D:6      | Found a burning altar of Makhleb.
  5405 | D:6      | Noticed a balrug
  5415 | D:6      | Noticed a smoke demon
  5558 | D:6      | Reached ** piety under Uskayaw
  5561 | D:6      | Killed Maggie
  5561 | D:6      | Reached *** piety under Uskayaw
  5562 | D:6      | Reached skill level 1 in Invocations
  5630 | D:7      | Reached **** piety under Uskayaw
  5637 | D:7      | Reached ***** piety under Uskayaw
  6637 | D:8      | Noticed a two-headed ogre
  6654 | D:8      | Killed a two-headed ogre
  6655 | D:8      | Reached XP level 10. HP: 37/53 MP: 8/13
  6678 | D:8      | Found Narijaj's Jewellery Emporium.
  6973 | D:8      | Found Rouguru's Assorted Antiques.
  7029 | D:8      | Found Jepsekix's Antique Weapon Boutique.
  7110 | D:8      | Found Vidom's Jewellery Emporium.
  7277 | D:8      | Found Xozietil's Jewellery Shoppe.
  7524 | D:9      | Found a snail-covered altar of Cheibriados.
  7589 | D:9      | HP: 2/55 [killer bee (5)]
  7592 | D:9      | Reached skill level 5 in Invocations
  7592 | D:9      | Mangled by a killer bee

Illustrated notes

Levels and vault maps discovered:
D:1:      amcnicky_arrival_feature_with_door, layout_loops_ring, serial_shops,
          shop, skrybe_limestone_x, wander_ebering_terrifying_dragon_lair
D:2:      wad_pebble_path, layout_rooms, serial_shops, shop,
          due_unseen_surprise, uniq_jessica
D:3:      minmay_skewed_foursquare, layout_loops_ring, grunt_ministairs_13,
          patterned_corridor
D:4:      layout_basic, minmay_temple_entry_gardened_gates, serial_shops, shop,
          shop, uniq_crazy_yiuf_cottage
D:5:      layout_cave_pods, uniq_sigmund, uniq_grinder, uniq_pikel
D:6:      layout_cave_pods, kennysheep_ying_yang, mainiacjoe_overflow_alcove_3,
          overflow_temple_1_default, makhleb_altar_promises_db,
          general_overflow_altar, minmay_chambers_of_fives, uniq_maggie,
          uniq_menkaure
D:7:      layout_basic, minmay_misc_feat_diagonals, minmay_liquid_box
D:8:      layout_cave_pools, serial_shops, kennysheep_mini,
          nicolae_take_the_stairs, shop, nicolae_shop_trees, shop
D:9:      layout_loops_ring, hellmonk_okawaru_the_only_friend_you_need,
          evilmike_ruin_ashenzari, slow_altar_1, special_room
          [special_room_bee], uniq_maurice, uniq_erica
Temple:   dpeg_chambers_temple

Skill      XL: |  1  2  3  4  5  6  7  8  9 10 |
---------------+-------------------------------+-----
Fighting       | 2 3 4 5 6 7 |  7.4
Short Blades   | 2 3 4 5 7 |  7.8
Throwing       | 2 3 |  3.0
Stealth        | 5 6 7 9 10 | 10.0
Armour         | 1 3 4 |  4.6
Invocations    | 3 5 |  5.0
Dodging        | |  0.7

Action                     |  1- 3 |  4- 6 |  7- 9 | 10-12 || total
---------------------------+-------+-------+-------+-------++-------
  Melee: Dagger            |    29 |   207 |   344 |   147 ||   727
         Bite              |    10 |    58 |   110 |    50 ||   228
         Punch             |       |     7 |    22 |    13 ||    42
  Throw: Dart              |       |    24 |    32 |    18 ||    74
         Boomerang         |       |       |    15 |     7 ||    22
    Use: Scroll            |       |     4 |     4 |       ||     8
         Potion            |       |       |       |     1 ||     1
   Stab: Sleeping          |     7 |     9 |    14 |     3 ||    33
         Paralysed         |       |       |     3 |     8 ||    11
 Armour: Robe              |     4 |       |       |       ||     4
         Leather armour    |     8 |     9 |       |       ||    17
         Ring mail         |       |   126 |   113 |       ||   239
         Steam dragon scal |       |       |    65 |   105 ||   170
  Dodge: Dodged            |    11 |   105 |   122 |    50 ||   288

Table legend: (Time is in decaauts)
 A = Elapsed time spent in this place.
 B = Non-inter-level travel time spent in this place.
 C = Inter-level travel time spent in this place.
 D = Time resting spent in this place.
 E = Time spent auto-exploring this place.
 F = Levels seen in this place.
 G = Mean time per level.
                   A        B        C        D        E       F      G
               +--------+--------+--------+--------+--------+-----+--------+
         Total |   7414 |   7095 |    319 |    321 |   4827 |  10 |  741.4 |
       Dungeon |   7409 |   7090 |    319 |    321 |   4827 |   9 |  823.2 |
        Temple |      4 |      4 |      0 |      0 |      0 |   1 |    4.0 |
               +--------+--------+--------+--------+--------+-----+--------+

Top non-repeatable levels by time:
     D:6: 1305 daAuts
     D:5: 1175 daAuts
     D:7: 1143 daAuts
     D:3: 1055 daAuts
     D:4: 780 daAuts
     D:1: 727 daAuts
     D:8: 719 daAuts
     D:2: 416 daAuts
     D:9: 85 daAuts
  Temple: 4 daAuts
